[Event "Israeli Women Championship 2022"]
[Site "Yosiah Arad"]
[Date "2022.12.11"]
[Round "7.3"]
[White "Kluchik, Julia"]
[Black "Orian, Noga"]
[Result "1-0"]
[ECO "E14"]
[WhiteElo "1887"]
[BlackElo "1947"]
[Annotator "TA"]
[PlyCount "97"]
[EventDate "2022.12.05"]
[EventType "tourn"]
[EventCountry "ISR"]
[SourceTitle "playchess.com"]
[Source "ChessBase"]
[SourceQuality "1"]
[TimeControl "40/5400+30:1800+30"]

1. b3 d5 2. Bb2 Nd7 3. Nf3 Ngf6 4. c4 e6 5. e3 Be7 6. d4 O-O 7. Bd3 b6 8. O-O Bb7 9. Qe2 c5 10. Nbd2 {[%emt 0:01:28] is the legacy move (10.Rd1).} Rc8 {[%emt 0:07:24] E14: Queen's Indian: Classical Variation (4 e3).} 11. Rac1 Ne4 12. cxd5 exd5 {[%emt 0:00:18] White has an edge.} 13. Rfd1 cxd4 {[%emt 0:06:03] [#]} 14. exd4 $146 ({Much worse is} 14. Bxd4 Rxc1 15. Rxc1 Ndc5 $11) ({White should play} 14. Nxd4 $14 Nec5 15. N2f3) ({Predecessor:} 14. Nxd4 Ndc5 15. Nf5 Bf6 16. Nxe4 dxe4 17. Bxe4 Ba6 18. Nh6+ Kh8 19. Nxf7+ Rxf7 20. Rxd8+ Rxd8 21. Qh5 Nxe4 22. Qxf7 Bxb2 23. Qe7 {1-0 (24) Iwraeus,L (1906)-Seo,J (2132) Vaxjo 2016}) 14... Nxd2 15. Qxd2 Bd6 (15... Rxc1 {simplifies} 16. Qxc1 Bd6 17. Ba3 Nb8) 16. Ne5 (16. Rxc8 {simplifies} Bxc8 17. Ne5 Nf6 18. f3) 16... f6 (16... Nf6 {simplifies} 17. Rxc8 Bxc8 18. f3 Be6) 17. Nf3 Re8 18. Nh4 Nf8 (18... Rxc1 {simplifies} 19. Rxc1 g6 20. g3 Qe7) 19. Nf5 (19. Bb5 {simplifies} Re4 20. g3 Rxc1 21. Rxc1 g6 22. f4) 19... Bb8 20. Ba3 g6 21. Nh6+ Kg7 22. Ng4 $1 {[%emt 0:00:17] Black must now prevent Qh6+. White is much more active.} f5 {[%emt 0:04:36] White now steadily converts the win.} ({Black should try} 22... Bd6 $14 23. Bxd6 Qxd6) 23. Qh6+ $1 $16 ({Resist} 23. Rxc8 Bxc8 24. Ne5 Bxe5 25. dxe5 Ne6 $16) 23... Kg8 {[%emt 0:00:02] [#]} (23... Kh8 $16 {keeps fighting.}) 24. Bxf5 $1 $18 Rxc1 25. Rxc1 Bd6 26. Bxd6 Qxd6 27. Qg5 $40 {[%emt 0:00:22][%mdl 128] White has strong attack.} Kh8 28. Ne5 {[%emt 0:02:13] White wants to mate with Nf7+.} Qe7 {[%emt 0:00:59] Prevents Nf7+.} 29. Qxe7 Rxe7 30. Bg4 h5 31. Bc8 Bxc8 $2 (31... Kh7 32. Bxb7 Rxb7) 32. Rxc8 Kg7 {[%emt 0:00:02] [#]} 33. Rxf8 $1 {[%emt 0:01:44][%mdl 4608] Endgame KRN-KR} Rc7 {[%emt 0:01:22] [#] Against Rf7+} (33... Rxe5 34. dxe5) 34. Rf7+ $1 Rxf7 35. Nxf7 Kxf7 {[%emt 0:00:03] KP-KP} 36. Kf1 Ke6 37. Ke2 b5 38. b4 g5 39. Ke3 Kf5 40. h3 Kf6 41. h4 gxh4 {[%emt 0:31:05] [#]} 42. Kf4 $1 {[%emt 0:00:00] White mates.} a6 43. a3 Kg6 44. Ke5 Kg5 45. Kxd5 h3 46. gxh3 Kh4 47. Kc6 Kxh3 48. d5 Kg2 49. d6 {[%emt 0:00:00] Weighted Error Value: White=0.11 (very precise) /Black=0.45} 1-0

[Event "Israeli Women Championship 2022"]
[Site "Yosiah Arad"]
[Date "2022.12.11"]
[Round "7.4"]
[White "Levitan, Ronit"]
[Black "Ovechkin, Lilia"]
[Result "1-0"]
[ECO "B06"]
[WhiteElo "1989"]
[BlackElo "1680"]
[Annotator "TA"]
[PlyCount "107"]
[EventDate "2022.12.05"]
[EventType "tourn"]
[EventCountry "ISR"]
[SourceTitle "playchess.com"]
[Source "ChessBase"]
[SourceQuality "1"]
[TimeControl "40/5400+30:1800+30"]

1. e4 d6 2. d4 g6 3. Nc3 Bg7 4. Nf3 e6 5. Be3 Ne7 6. Qd2 {[%emt 0:02:24] B06: Modern Defence.} h6 7. Bd3 {[%emt 0:07:19] White is more active.} Nd7 8. h4 ({Better is} 8. O-O $16) 8... a6 $14 9. O-O-O b5 {[%emt 0:02:19] Inhibits e5.} 10. e5 {[%emt 0:05:35] [#]} (10. Kb1 $14) 10... Bb7 $146 ({Predecessor:} 10... d5 11. Ne2 c5 12. dxc5 Qc7 13. Kb1 Nc6 14. Rhe1 Ncxe5 15. Nxe5 Bxe5 16. f4 Bf6 {1-0 (31) Efimenko,Z (2648)-De Santis,A (2337) San Marino 2006}) 11. exd6 cxd6 12. Ne4 Bxe4 13. Bxe4 d5 14. Bd3 Nb6 15. Bf4 Nc6 (15... Nc4 $5 16. Qe1 Rc8 $11) 16. Rhe1 Nc4 17. Bxc4 bxc4 18. h5 {[%emt 0:05:53] [#] Black must now prevent hxg6.} g5 19. Be5 O-O 20. Bxg7 Kxg7 21. Ne5 Rc8 {[%emt 0:02:57][%cal Oc4c3] Threatens to win with ...c3!} 22. c3 Ne7 23. f4 Ng8 (23... Nf5 $11 {and Black stays safe.}) 24. Ng4 $2 (24. g4 $18) 24... Nf6 25. Nxh6 (25. Nxf6 {simplifies} Qxf6 26. g3 Rg8 27. Re5) 25... Ne4 {[%emt 0:01:07][%mdl 8192] [#]} (25... gxf4 $1 $11 26. Qxf4 Nxh5 27. Qg4+ Kxh6) 26. Rxe4 $1 $18 dxe4 27. fxg5 {[%emt 0:00:05] aiming for Rf1.} f5 $2 (27... f6 28. Ng4 (28. g6 Qa5 $16) 28... fxg5) 28. gxf6+ $2 (28. d5 $18) 28... Qxf6 $11 29. Ng4 Qf4 $36 {[%emt 0:01:35][%mdl 2048] White is under pressure.} 30. Ne3 Qf2 31. Re1 Qh4 (31... Qxd2+ $11 {keeps the balance.} 32. Kxd2 Kh6) 32. g4 (32. Qd1 $16) 32... Rf2 33. Qd1 (33. Re2 $11 Rxe2 34. Qxe2) 33... Qg5 (33... Qh2 $15 34. Nf1 (34. Qa4 $2 Rb8 $17) 34... Qf4+ 35. Ne3 (35. Nd2 $2 e3 $19) 35... Qh2) 34. d5 exd5 35. Qd4+ $1 Qf6 (35... Kg8 $11) 36. Nf5+ {[%emt 0:00:58] Dancing on a razor blade.} (36. Nxd5 $2 Qxd4 37. cxd4 Rb8 $19) (36. Qxd5 $16 Kf8 37. Nxc4 (37. Qxe4 Rb8 $16)) 36... Rxf5 $1 37. gxf5 {[%emt 0:00:08] Intending Rg1+ and mate.} Qxd4 38. cxd4 {[%emt 0:00:03][%mdl 4096] Endgame KR-KR} Rf8 39. Rf1 Kh6 40. f6 Kxh5 41. Rf5+ Kg4 42. Rxd5 {[%emt 0:01:39] Strongly threatening Kd2.} Rxf6 {[%emt 0:00:26] ...e3 is the strong threat.} (42... c3 {seems wilder.} 43. Rd6 cxb2+ 44. Kxb2 a5) 43. Re5 {[%emt 0:00:04] Prevents e3.} Kf3 {[%emt 0:00:58] Hoping for ...Ke3.} 44. Kd2 Rd6 45. Kc3 Ke3 46. d5 Rd8 (46... Kf4 $2 47. Kd4 $18) 47. a3 (47. Kxc4 Rc8+ 48. Kb3 Kd4 $15) 47... Rd7 48. Rh5 ({Much weaker is} 48. Kxc4 Rc7+ 49. Kb3 Kd4 $17) 48... Rb7 49. d6 (49. Rf5 {simplifies} Rb3+ 50. Kxc4 Rd3 51. Rf6) 49... Rb3+ $2 (49... Kf4 $11) 50. Kxc4 $18 {[%emt 0:00:57] White is clearly winning.} Rxb2 51. d7 ({Worse is} 51. Rh3+ Kf4 $11) 51... Rc2+ 52. Kd5 Kf4 53. Kd6 (53. d8=R $2 {loses.} Rd2+ 54. Kc4 Rxd8 55. Rh4+ Ke5 56. Rh5+ Kf4 57. Rh4+ Kf5 58. Rh5+ Kg4 $19) 53... e3 54. d8=Q {[%emt 0:00:11] Weighted Error Value: White=0.29 (precise) /Black=0.35} 1-0

[Event "Israeli Women Championship 2022"]
[Site "Yosiah Arad"]
[Date "2022.12.11"]
[Round "7.5"]
[White "Reprun, Nadejda"]
[Black "Brusilovski, Lena"]
[Result "1-0"]
[ECO "B41"]
[WhiteElo "1979"]
[BlackElo "1800"]
[Annotator "TA"]
[PlyCount "97"]
[EventDate "2022.12.05"]
[EventType "tourn"]
[EventCountry "ISR"]
[SourceTitle "playchess.com"]
[Source "ChessBase"]
[SourceQuality "1"]
[TimeControl "40/5400+30:1800+30"]

1. e4 c5 2. Nf3 a6 3. c4 Nc6 4. d4 cxd4 5. Nxd4 e6 6. Nc3 Qc7 7. Be2 Nf6 8. O-O Nxd4 9. Qxd4 Bc5 {[%emt 0:00:08] 9...Bc5 scores better than 9...Bd6.} 10. Qd3 O-O {[%emt 0:01:02][%cal Ob7b5] B41: Sicilian: Kan Variation: 5 c4.} 11. Be3 {[%emt 0:02:07] Inhibits b5.} Rb8 12. a3 b6 {[%emt 0:01:46] White is slightly better.} 13. b4 Bxe3 14. Qxe3 d6 15. Rac1 Bb7 16. f3 Rfd8 17. Rfd1 {[%emt 0:00:38] [#]} Ba8 $146 ({Predecessor:} 17... h6 18. Bf1 Ba8 19. Ne2 Nd7 20. Nd4 Nf8 21. Rc3 Rbc8 22. Rdc1 Qa7 23. Ne2 Rc7 {½-½ (48) Jeitz,C (2221)-Srebrnic,M (2333) Pardubice 2009}) 18. Bf1 Qb7 19. Rc2 (19. Rd4 $5 ) 19... Ne8 20. Rcd2 Qe7 {[%emt 0:01:05] [#]} (20... Qc7 $14) 21. Rd4 {[%emt 0:02:35] White is more active.} ({White should try} 21. e5 $1) 21... e5 $16 22. R4d3 Nc7 23. Qd2 Ne6 24. Rxd6 Nd4 25. Rxd8+ Rxd8 26. Qe3 Rd6 (26... Qe6 $16 {might work better.} 27. Nd5 f6) 27. Bd3 Rg6 (27... Kf8 {was necessary.} 28. Nd5 Bxd5) 28. f4 $18 f6 29. Nd5 Qd6 (29... Qd8 $142 30. c5 bxc5 31. bxc5 Bc6) 30. Rc1 Bb7 $2 (30... Qd8 {is a better defense.} 31. c5 b5) 31. f5 Rg5 32. c5 {[%emt 0:00:08] Prevents h5.} bxc5 33. bxc5 Qd7 34. Nb4 {[%emt 0:01:05] c6 is the strong threat.} a5 $2 (34... h5 35. Kf2 (35. Nxa6 Nxf5 36. exf5 Qc6 $14) (35. Bxa6 Bxa6 36. Nxa6 Qb5 $15) 35... a5) 35. c6 Bxc6 36. Nxc6 Nxc6 37. Bc4+ Kf8 38. Qc5+ Ne7 39. Bd5 {[%emt 0:02:39] Black must now prevent Rb1.} g6 40. Rb1 Qa4 (40... Qc8 $142 41. Qxc8+ (41. Qxa5 Qc2 $17) (41. Qd6 Rxg2+ 42. Kxg2 Qc2+ 43. Kh3 Qd3+ 44. Kg2 Qc2+ 45. Kh3 Qd3+ 46. Kg2 Qc2+ $11) 41... Nxc8) 41. Rb8+ $2 ({Only move:} 41. Kh1 $18 {Intending Qd6 and mate.} Qd7 42. Rb8+ Kg7 43. Rb7 (43. Qxa5 Nxd5 44. Qxd5 Qxd5 $11) 43... Qxb7 44. Bxb7) 41... Kg7 $14 {[%emt 0:30:16][%cal Bf8g7,Bg7h6,Bh6h5][%mdl 32] And now ...Qd1+ would win.} 42. Qxe7+ (42. Bc4 $5 Kh6 43. Rb3 $14 (43. Qxe7 $2 Qxc4 44. g3 Qd4+ 45. Kf1 Qxe4 $19)) 42... Kh6 43. Qf8+ (43. Qxf6 Qd1+ 44. Kf2 Qd2+ 45. Kf1 Qxg2+ 46. Ke1 Qg1+ 47. Kd2 Rg2+ 48. Kc3 Qd4+ 49. Kb3 Rb2#) 43... Kh5 {[%emt 0:00:00] ( -> ...Qd1+)} 44. Bb3 {[%emt 0:00:00][%mdl 8192] [#] Prevents Qd1+.} (44. Qxf6 Qd1+ 45. Kf2 Qd2+ 46. Kf1 Rxg2) (44. g3 $11 Qd1+ 45. Kg2 (45. Kf2 Qd2+ 46. Kg1 Qd1+ 47. Kg2 Qe2+ 48. Kg1 Qd1+ $11) 45... Qe2+ 46. Kg1 Qd1+ 47. Kg2 (47. Kf2 Qd2+ 48. Kg1 Qd1+ $11) 47... Qe2+ 48. Kg1 Qd1+) 44... Qd4+ 45. Kf1 Qd3+ 46. Ke1 Qxe4+ 47. Kd2 Rxg2+ ({Stronger than} 47... Rxf5 48. g4+ Kxg4 49. Be6 Qg2+ 50. Kd3 Qf3+ 51. Kd2 (51. Kc2 $2 Qc6+ 52. Kb2 Qxe6 $19) 51... Qg2+ 52. Kd3 Qf3+ 53. Kd2 (53. Kc2 $2 Qc6+ 54. Kb2 Qxe6 $19) 53... Qg2+ $11) 48. Kc1 Qe1+ (48... Qe3+ $142 49. Kb1 Qg1+ 50. Bd1+ Qxd1#) 49. Bd1+ {[%emt 0:00:05][%mdl 32768] Weighted Error Value: White=0.41/Black=0.51. Loss on time!?} 1-0

[Event "Israeli Women Championship 2022"]
[Site "Yosiah Arad"]
[Date "2022.12.12"]
[Round "8.1"]
[White "Kluchik, Julia"]
[Black "Efroimski, Marsel"]
[Result "1-0"]
[ECO "D37"]
[WhiteElo "1887"]
[BlackElo "2470"]
[Annotator "TA"]
[PlyCount "111"]
[EventDate "2022.12.05"]
[EventType "tourn"]
[EventCountry "ISR"]
[SourceTitle "playchess.com"]
[Source "ChessBase"]
[SourceQuality "1"]
[TimeControl "40/5400+30:1800+30"]

1. d4 d5 2. Nf3 e6 3. c4 a6 4. cxd5 exd5 5. Nc3 Nf6 6. Bg5 {[%emt 0:00:25] D37: Queen's Gambit Declined: 5 Bf4.} Be6 7. e3 Nbd7 8. Bd3 {[%emt 0:00:50] White is slightly better.} h6 9. Bf4 Be7 10. O-O O-O 11. Rc1 c5 12. dxc5 Nxc5 13. Nd4 {[%emt 0:00:09] [#]} Nxd3 $146 ({Predecessor:} 13... Qd7 14. Bb1 Rac8 15. h3 b5 16. a3 Nce4 17. Nxe6 Qxe6 18. Ne2 Rxc1 19. Qxc1 Rc8 {1-0 (58) Goryachkina,A (2593)-Musalov,R (2359) Sochi 2021}) 14. Qxd3 Qd7 15. Rfd1 Rfd8 16. h3 b5 17. a3 Rac8 18. Rd2 Rc4 19. Rdc2 Bf8 (19... Ne4 $11) 20. Be5 Ne8 21. Nb1 {[%emt 0:00:00] White has more active pieces. Pair of Knights!} (21. b3 $16 Rcc8 22. a4) 21... Nd6 22. Bxd6 Bxd6 (22... Rxc2 {simplifies} 23. Rxc2 Bxd6 24. f4 Qb7) 23. Nd2 Rxc2 24. Rxc2 Rc8 {[%emt 0:01:59] Prevents Rc6.} 25. b4 Rxc2 26. Qxc2 Qc8 27. Qxc8+ Bxc8 $11 {[%emt 0:00:01][%mdl 4096] Endgame KBB-KNN} 28. N2b3 Kf8 29. Kf1 g5 30. g4 Kg7 ({Black should play} 30... h5 $11) 31. Ke2 Kg6 32. Kd3 (32. f3 $14) 32... f5 33. Nxf5 Bxf5+ 34. gxf5+ Kxf5 {[%emt 0:00:02] KB-KN} 35. Kd4 g4 $1 36. hxg4+ (36. Kxd5 $2 gxh3 $1 37. Nd4+ Kg4 38. f3+ Kg3 39. Kxd6 h2 $19) 36... Kxg4 37. Kxd5 Bf8 (37... Be7 $11 {and Black is okay.} 38. Ke6 Bd8) 38. Ke4 $2 (38. Nd4 $1 $18) 38... h5 {[%emt 0:00:21] With the idea ...h4.} 39. Nd4 $1 h4 {[%emt 0:00:43] White must now prevent ...h3.} 40. f3+ Kg5 {[%emt 0:05:19] Strongly threatening ...h3.} (40... Kh5 $5 41. Ne6 h3 $1 42. Nf4+ (42. Nxf8 $2 h2 $19) 42... Kh4 43. Nxh3 (43. Ng6+ $2 Kg3 $19) 43... Kxh3 $11) 41. Ne6+ Kf6 $1 42. Nf4 {[%emt 0:00:00] Hoping for Nd3.} (42. Nxf8 $2 {is the wrong capture.} h3 43. Kd5 h2 $19) 42... Bd6 43. Nd3 h3 {[%emt 0:00:00] And now ...Bg3 would win.} 44. f4 Ke6 (44... h2 $14 45. Nf2 Kg6) 45. Kf3 $16 {[%emt 0:00:00] e4 is the strong threat.} Kd5 {[%emt 0:00:00][%mdl 8192] [#]} (45... h2 $16 46. Kg2 Kd5) 46. e4+ $1 $18 Kc4 47. e5 Bf8 {[%emt 0:00:00] [#]} 48. f5 $1 Kxd3 {[%emt 0:00:00] KB-KP} (48... Bg7 49. f6) 49. f6 {[%emt 0:00:00] White mates.} a5 50. e6 axb4 51. axb4 Bxb4 {[%emt 0:00:00] KB-KPP} 52. e7 h2 53. Kg2 (53. e8=B {leads to mate.} h1=Q+ 54. Kg3 Be1+ 55. Kg4 Qh4+ 56. Kf5 Qe4+ 57. Kg5 Bd2+ 58. Kh5 Qf5+ 59. Kh4 Be1#) 53... Bxe7 54. fxe7 b4 55. e8=Q ({And not} 55. e8=B Ke4 $11) 55... b3 56. Qg6+ {[%emt 0:00:00] Weighted Error Value: White=0.19 (very precise) /Black=0.33} 1-0

[Event "Israeli Women Championship 2022"]
[Site "Yosiah Arad"]
[Date "2022.12.12"]
[Round "8.2"]
[White "Shvayger, Yuliya"]
[Black "Reprun, Nadejda"]
[Result "1/2-1/2"]
[ECO "B11"]
[WhiteElo "2350"]
[BlackElo "1979"]
[Annotator "TA"]
[PlyCount "81"]
[EventDate "2022.12.05"]
[EventType "tourn"]
[EventCountry "ISR"]
[SourceTitle "playchess.com"]
[Source "ChessBase"]
[SourceQuality "1"]
[TimeControl "40/5400+30:1800+30"]

1. e4 c6 2. Nf3 d5 3. Nc3 Bg4 4. h3 Bxf3 5. Qxf3 e6 6. d3 Nd7 7. Bd2 {[%emt 0:00:35] 7.Be2 injects fresh life into this line.} Qb6 {[%emt 0:00:16] B11: Caro-Kann: Two Knights Variation.} 8. O-O-O d4 {[%emt 0:02:39] 8...Bd6 is vanishing.} (8... Bd6 $5) 9. Ne2 a5 10. e5 Nxe5 11. Qe4 Ng6 {[%emt 0:05:41] White must now prevent ...0-0-0.} 12. Qxd4 {[%emt 0:04:32] [#]} (12. Nxd4 $2 Nf6 13. Qe3 Bc5 $17) 12... Qxd4 $146 (12... Bc5 $1 $15 13. Qc3 (13. Qxg7 $2 {perishes.} e5 $19) 13... Nf6) ({Predecessor:} 12... Bc5 13. Qc3 Nf6 14. d4 Bb4 15. Qd3 Bxd2+ 16. Qxd2 a4 17. a3 Ra5 18. Nc3 O-O {½-½ (39) Baltic,F (2238)-Gustafsson,J (2645) Germany 2019}) 13. Nxd4 $11 Bc5 14. Nb3 Bb6 15. a4 ({White should play} 15. d4 $11) 15... Nf6 (15... Bxf2 $15 16. Nxa5 N8e7) 16. d4 $14 O-O 17. c4 Ne4 18. Be3 e5 19. Bd3 (19. c5 $5 Bc7 20. g3 $11) 19... exd4 20. Nxd4 Nc5 21. Bc2 Ne5 22. b3 $1 Na6 23. Rhe1 Rad8 24. f4 Ng6 25. f5 Ne5 26. Bg1 Rfe8 {[%emt 0:06:41] [#]} 27. Nxc6 $1 Rxd1+ 28. Kxd1 Bxg1 29. Rxe5 Rxe5 30. Nxe5 {[%emt 0:00:02][%mdl 4096] Endgame KBN-KBN} Bd4 31. Nf3 Bf6 32. g4 h6 33. Be4 Nc5 34. Bd5 b6 35. Kc2 Kf8 36. Ne1 Ke7 37. Ng2 Be5 {[%emt 0:04:45] The position is equal.} 38. Ba8 Na6 39. Ne3 Nb4+ 40. Kd1 Bd4 41. Nd5+ {[%emt 0:32:42] Weighted Error Value: White=0.10 (very precise) /Black=0.11 (very precise)} 1/2-1/2

[Event "Israeli Women Championship 2022"]
[Site "Yosiah Arad"]
[Date "2022.12.12"]
[Round "8.3"]
[White "Orian, Noga"]
[Black "Ovechkin, Lilia"]
[Result "0-1"]
[ECO "A40"]
[WhiteElo "1947"]
[BlackElo "1680"]
[Annotator "TA"]
[PlyCount "92"]
[EventDate "2022.12.05"]
[EventType "tourn"]
[EventCountry "ISR"]
[SourceTitle "playchess.com"]
[Source "ChessBase"]
[SourceQuality "1"]
[TimeControl "40/5400+30:1800+30"]

1. d4 b6 2. c4 Bb7 3. Nc3 e6 4. e4 d6 5. Nf3 g6 6. Bg5 {[%emt 0:02:32] A40: Unusual replies to 1 d4.} Be7 {[%emt 0:06:03] [#]} 7. Bf4 $146 ({Predecessor:} 7. h4 Bxg5 8. hxg5 Nd7 9. Qd2 Qe7 10. O-O-O O-O-O 11. Kb1 Qf8 12. d5 exd5 13. cxd5 {1-0 (35) Szurkos,A (1780)-Baranyi,Z (1715) Budapest 2015}) 7... Nf6 8. Bd3 {[%emt 0:00:25] White is slightly better.} O-O 9. Qd2 d5 10. cxd5 exd5 11. e5 Ne4 12. Qe3 Nxc3 13. bxc3 Ba6 14. h4 Bxd3 15. Qxd3 Re8 16. Kd2 (16. h5 $16) 16... Nd7 (16... c5 $1 $14) 17. Rh3 $16 {[%emt 0:05:51] Threatens to win with h5.} Nf8 (17... Kh8 $16) 18. Bh6 (18. h5 $18) 18... c5 $14 19. h5 {[%emt 0:00:59] hxg6 is the strong threat.} cxd4 20. cxd4 Bb4+ (20... Rc8 $14) 21. Ke2 $16 {[%emt 0:00:24] Black must now prevent Rah1.} Rc8 $1 22. Rah1 Qd7 ({Black should play} 22... Rc7 $14) 23. hxg6 hxg6 (23... Nxg6 24. Kf1 Qa4) 24. a3 $2 (24. Bg5 $18 {White wants to mate with Rh8+.} Be7 25. Rh8+ Kg7 26. Qa3 Qb5+ 27. Ke3 (27. Qd3 Qxd3+ 28. Kxd3 Bxg5 $11) 27... Bxg5+ 28. Nxg5) 24... Rc3 $11 {[%emt 0:00:42] [#]} 25. Bxf8 $4 (25. Bg5 $1 $11 {and White has nothing to worry.} Qxh3 26. Rxh3 Rxd3 27. Kxd3) 25... Kxf8 $19 26. Rh8+ Ke7 27. Rxe8+ Qxe8 $2 (27... Kxe8 $19 28. axb4 (28. Rh8+ $2 Ke7 $19) 28... Rxd3 29. Kxd3 Qb5+ 30. Ke3 Qxb4 31. Rh8+ Ke7) 28. Qa6 $15 Rxa3 29. Qb7+ Qd7 {[%emt 0:00:21] Really sharp!} 30. Qxd7+ Kxd7 {[%emt 0:00:02][%mdl 4096] Endgame KRB-KRN} 31. Rh7 {[%emt 0:00:19] [#]} Ke8 (31... Ra2+ $1 $17 32. Ke3 Ke7) 32. Ng5 (32. Rh8+ $1 $11 {was the only way to keep the balance.} Kd7 33. Rb8) 32... Ra2+ $17 33. Kf3 Be1 34. Rh8+ Ke7 35. Nh7 $2 (35. Rb8 $17 {keeps fighting.}) 35... Rxf2+ $19 36. Ke3 Rxg2 37. Nf6 Ke6 {[%emt 0:00:03] aiming for ...Rg3+.} 38. Re8+ Kf5 {[%emt 0:00:04] Hoping for ...Rg3+.} 39. Nxd5 {[%emt 0:00:35] [#]} Rg3+ $1 40. Ke2 Bc3 (40... Ba5 $19 {and Black stays clearly on top. Strongly threatening ...Ke4.} 41. Rd8 b5) 41. Nxc3 $2 (41. Kf2 $17 Rh3 42. Nxc3 Rxc3 43. Re7) 41... Rxc3 $17 {[%emt 0:30:05] KR-KR. Black is clearly winning.} 42. d5 Rc5 43. d6 Rd5 $1 (43... Rxe5+ 44. Rxe5+ Kxe5 45. d7 Kd5 46. d8=Q+ (46. d8=B $2 Kd4 $19) 46... Ke6 47. Qb8 b5 48. Qxa7) 44. Re7 a5 ({Don't take} 44... Rxe5+ 45. Rxe5+ Kxe5 46. d7 $18) 45. Ke3 f6 (45... Rxe5+ 46. Rxe5+ Kxe5 47. d7 Kf6 48. d8=Q+ (48. d8=B+ Ke5 $17) 48... Ke5 49. Qe7+ Kd5 50. Qxf7+ Kc5 51. Qc7+ Kd5 52. Qxb6) 46. exf6 Kxf6 {[%emt 0:00:00] Quite a comeback for Black.   Weighted Error Value: White=0.90/Black=0.39} 0-1

[Event "Israeli Women Championship 2022"]
[Site "Yosiah Arad"]
[Date "2022.12.12"]
[Round "8.4"]
[White "Brusilovski, Lena"]
[Black "Levitan, Ronit"]
[Result "0-1"]
[ECO "C44"]
[WhiteElo "1800"]
[BlackElo "1989"]
[Annotator "TA"]
[PlyCount "54"]
[EventDate "2022.12.05"]
[EventType "tourn"]
[EventCountry "ISR"]
[SourceTitle "playchess.com"]
[Source "ChessBase"]
[SourceQuality "1"]
[TimeControl "40/5400+30:1800+30"]

1. e4 e5 2. Nf3 Nc6 3. d4 exd4 4. Bc4 Bc5 5. Ng5 Nh6 6. Qh5 (6. Bxf7+ $11 {remains equal.} Nxf7 7. Nxf7 Kxf7 8. Qh5+ g6 9. Qxc5) 6... Qe7 $17 {[%emt 0:00:22][%cal Od7d5] C44: Ponziani Opening and Scotch Gambit.} 7. Nxf7 Bb4+ ({Worse is} 7... Nxf7 8. Bxf7+ Qxf7 9. Qxc5 $17) ({Don't play} 7... Qxe4+ 8. Kd1 (8. Kf1 Nxf7 9. Qxf7+ Kd8 $14) 8... Qg4+ 9. Qxg4 Nxg4 10. Re1+ (10. Nxh8 $2 Nxf2+ 11. Ke2 Nxh1 $19) 10... Kf8 11. Nxh8 $18) 8. c3 Nxf7 {[%emt 0:00:09] Black is clearly better.} 9. cxb4 Nxb4 $2 {[%emt 0:16:29] [#]} ({Black should play} 9... Qxe4+ $19 10. Qe2 Qxe2+ 11. Bxe2 Nxb4) 10. Qxf7+ $146 {[%emt 0:04:59] This costs White the game.} (10. O-O) (10. O-O $11 {and White stays safe.}) ({Predecessor:} 10. O-O Nc2 11. Bg5 Qf8 12. Na3 Nxa3 13. bxa3 g6 14. Qh4 Nxg5 15. Qxg5 Qe7 16. Qd5 {1-0 (37) Hansen,J-Williams,D IECG email 2005}) 10... Qxf7 $19 11. Bxf7+ Kxf7 12. Na3 {[%emt 0:00:40] Inhibits Nc2+.} b6 13. O-O Ba6 14. Rd1 c5 15. Bd2 Nc6 16. Rac1 (16. f3 $142) 16... Rhe8 17. f3 Ne5 18. Nc2 (18. Rb1 {was worth a try.}) 18... d5 19. b4 dxe4 20. fxe4 Nd3 21. Rb1 Rxe4 22. bxc5 bxc5 {[%emt 0:00:31] aiming for ...Re2.} 23. Ne1 Re2 {[%emt 0:04:02] Strongly threatening ...Nf2.} 24. Nxd3 Bxd3 25. Rb7+ Kg6 {[%emt 0:00:40] [#] And now ...Be4 would win.} 26. h4 (26. Bc1 $142 c4 27. Rb5) 26... h5 {[%emt 0:05:09] Threatens to win with ...Be4.} 27. Rc7 $2 (27. Bc1 c4 28. Rb5) 27... Be4 {[%emt 0:02:19] Weighted Error Value: White=0.74/Black=0.45} 0-1